ITL
LOUISVILLE BATS @ UTICA UNICORNS
09/29/2030
 
TOP OF THE 1ST
Louisville Bats batting - Pitching for Utica Unicorns : LHP Miguel Galván
Pitching: LHP Miguel Galván
Batting: RHB Shawn Marshall 0-0: Ball
1-0: Swinging Strike
1-1: Ball
2-1: Called Strike
2-2: Foul Ball, location: 2F
2-2: Ball
3-2: Strikes out looking
Batting: SHB Dave Henley 0-0: Swinging Strike
0-1: Ground out 4-3 (Groundball, 4)
Batting: LHB Eduardo Gómez 0-0: Called Strike
0-1: Ball
1-1: Ball
2-1: Called Strike
2-2: SINGLE (Groundball, 4MD)
Batting: SHB Martín Medina 0-0: Ball
1-0: Foul Ball, location: 2F
1-1: Ground out 5-3 (Groundball, 56S)
Top of the 1st over - 0 runs, 1 hit, 0 errors, 1 left on base; Louisville 0 - Utica 0
BOTTOM OF THE 1ST
Utica Unicorns batting - Pitching for Louisville Bats : RHP Arthur Martínez
Pitching: RHP Arthur Martínez
Batting: RHB John Jones 0-0: Fly out, F7 (Line Drive, 7)
Batting: LHB Stan Hickman 0-0: Ball
1-0: Called Strike
1-1: Ball
2-1: Ball
3-1: Base on Balls
Batting: RHB Kenny Cole 0-0: DOUBLE (Flyball, 8RXD)
Stan Hickman to third
Batting: LHB José Román 0-0: Ball
1-0: Ball
2-0: Foul Ball, location: 2F
2-1: Foul Ball, location: 2F
2-2: SINGLE (Groundball, 6S) (infield hit)
Stan Hickman scores
Kenny Cole to third
Batting: RHB Morgan Gibbon 0-0: Swinging Strike
0-1: Foul Ball, location: 2F
0-2: Fly out, F8 (Flyball, 8LS)
Runner from 3rd tags up, SCORES, no throw
Batting: SHB Ralph Robison 0-0: Foul Ball, location: 2F
0-1: SINGLE (Line Drive, 4D)
José Román to second
Batting: RHB Justin Geoghegan 0-0: Ball
1-0: Ball
2-0: Ball
3-0: Called Strike
3-1: Swinging Strike
3-2: Foul Ball, location: 2F
3-2: Base on Balls
José Román to third
Ralph Robison to second
Batting: RHB Juan Caceres 0-0: Called Strike
0-1: Ball
1-1: Fly out, F5 (Popup, 15)
Bottom of the 1st over - 2 runs, 3 hits, 0 errors, 3 left on base; Louisville 0 - Utica 2
TOP OF THE 2ND
Louisville Bats batting - Pitching for Utica Unicorns : LHP Miguel Galván
Batting: RHB Roberto Zamora 0-0: SINGLE (Groundball, 5S) (infield hit)
Batting: SHB Ryan Roberts 0-0: Swinging Strike
0-1: Ball
1-1: Called Strike
1-2: SINGLE (Groundball, 56D)
Roberto Zamora to second
Batting: RHB Júlio Sánchez 0-0: Swinging Strike
0-1: Foul Ball, location: 2F
0-2: Strikes out swinging
Batting: LHB Héctor Rentería 0-0: Foul Ball, location: 2F
0-1: Foul Ball, location: 2F
0-2: Ball
1-2: Foul Ball, location: 2F
1-2: Ball
2-2: Foul Ball, location: 2F
2-2: Strikes out looking
Batting: LHB John Horton 0-0: Swinging Strike
0-1: Ball
1-1: Ball
2-1: Called Strike
2-2: Strikes out swinging
Top of the 2nd over - 0 runs, 2 hits, 0 errors, 2 left on base; Louisville 0 - Utica 2
BOTTOM OF THE 2ND
Utica Unicorns batting - Pitching for Louisville Bats : RHP Arthur Martínez
Batting: RHB António Magana 0-0: Ball
1-0: Ball
2-0: SINGLE (Line Drive, 6)
Batting: RHB John Jones 0-0: Called Strike
0-1: Foul Ball, location: 2F
0-2: Foul Ball, location: 2F
0-2: Strikes out looking
Batting: LHB Stan Hickman 0-0: Ball
1-0: Ball
2-0: Ball
3-0: Called Strike
3-1: Base on Balls
António Magana to second
Batting: RHB Kenny Cole 0-0: Grounds into double play, 4-6-3 (Groundball, 4)
Bottom of the 2nd over - 0 runs, 1 hit, 0 errors, 1 left on base; Louisville 0 - Utica 2
TOP OF THE 3RD
Louisville Bats batting - Pitching for Utica Unicorns : LHP Miguel Galván
Batting: RHB Shawn Marshall 0-0: Ball
1-0: Called Strike
1-1: Ball
2-1: Foul Ball, location: 2F
2-2: Fly out, F9 (Line Drive, 9)
Batting: SHB Dave Henley 0-0: Foul Ball, location: 2F
0-1: Ball
1-1: Swinging Strike
1-2: Ball
2-2: Ball
3-2: Foul Ball, location: 2F
3-2: Foul Ball, location: 2F
3-2: Reached on error, E5 (Line Drive, 56)
Batting: LHB Eduardo Gómez Pickoff Throw to First - Error! E1
Dave Henley to second
0-0: Ball
1-0: Called Strike
1-1: Swinging Strike
1-2: Strikes out swinging
Batting: SHB Martín Medina 0-0: Swinging Strike
0-1: Called Strike
0-2: Strikes out looking
Top of the 3rd over - 0 runs, 0 hits, 2 errors, 1 left on base; Louisville 0 - Utica 2
BOTTOM OF THE 3RD
Utica Unicorns batting - Pitching for Louisville Bats : RHP Arthur Martínez
Batting: LHB José Román 0-0: Foul Ball, location: 2F
0-1: Called Strike
0-2: Ground out 6-3 (Groundball, 6)
Batting: RHB Morgan Gibbon 0-0: SOLO HOME RUN (Flyball, 9LD), Distance : 352 ft
Batting: SHB Ralph Robison 0-0: Ball
1-0: Ground out 6-3 (Groundball, 6)
Batting: RHB Justin Geoghegan 0-0: Ground out 4-3 (Groundball, 4D)
Bottom of the 3rd over - 1 run, 1 hit, 0 errors, 0 left on base; Louisville 0 - Utica 3
TOP OF THE 4TH
Louisville Bats batting - Pitching for Utica Unicorns : LHP Miguel Galván
Batting: RHB Roberto Zamora 0-0: Swinging Strike
0-1: Foul Ball, location: 2F
0-2: Foul Ball, location: 2F
0-2: Ball
1-2: Foul Ball, location: 2F
1-2: Ball
2-2: Foul Ball, location: 2F
2-2: Foul Ball, location: 2F
2-2: Fly out, F3 (Line Drive, 3S)
Batting: SHB Ryan Roberts 0-0: Foul Ball, location: 2F
0-1: Called Strike
0-2: Ball
1-2: Foul Ball, location: 2F
1-2: DOUBLE (Flyball, 8LXD)
Batting: RHB Júlio Sánchez 0-0: Ground out 3-1 (Groundball, 34S)
Ryan Roberts to third
Batting: LHB Héctor Rentería 0-0: Called Strike
0-1: Fly out, F7 (Flyball, 7LSF)
Top of the 4th over - 0 runs, 1 hit, 0 errors, 1 left on base; Louisville 0 - Utica 3
BOTTOM OF THE 4TH
Utica Unicorns batting - Pitching for Louisville Bats : RHP Arthur Martínez
Batting: RHB Juan Caceres 0-0: Foul Ball, location: 2F
0-1: Reaches on Catchers interference
Batting: RHB António Magana 0-0: Ball
1-0: Ball
2-0: Foul Ball, location: 2F
2-1: Foul Ball, location: 2F
2-2: Ball
3-2: Base on Balls
Juan Caceres to second
Batting: RHB John Jones 0-0: Foul Ball, location: 2F
0-1: Called Strike
0-2: SINGLE (Groundball, 4MD)
Juan Caceres to third
António Magana to second
Runner from 3rd tries for Home, SAFE, no throw
Batting: LHB Stan Hickman 0-0: Called Strike
0-1: Ball
1-1: Ball
2-1: Fly out, F9 (Flyball, 89M)
Batting: RHB Kenny Cole 0-0: Called Strike
0-1: Ball
1-1: Ball
2-1: Foul Ball, location: 2F
2-2: Strikes out swinging
Batting: LHB José Román 0-0: Ball
1-0: SINGLE (Line Drive, 56)
António Magana to third
John Jones to second
Runner from 3rd tries for Home, SAFE, no throw
Batting: RHB Morgan Gibbon 0-0: Fly out, F7 (Flyball, 78S)
Bottom of the 4th over - 2 runs, 2 hits, 1 error, 2 left on base; Louisville 0 - Utica 5
TOP OF THE 5TH
Louisville Bats batting - Pitching for Utica Unicorns : LHP Miguel Galván
Batting: LHB John Horton 0-0: Fly out, F7 (Flyball, 7LMF)
Batting: RHB Shawn Marshall 0-0: Called Strike
0-1: SINGLE (Line Drive, 56D)
Batting: SHB Dave Henley 0-0: Called Strike
0-1: Ball
1-1: Foul Ball, location: 2F
1-2: Foul Ball, location: 2F
1-2: Strikes out swinging
Batting: LHB Eduardo Gómez 0-0: Called Strike
0-1: SINGLE (Groundball, 4MD)
Shawn Marshall to second
Batting: SHB Martín Medina 0-0: Swinging Strike
0-1: Swinging Strike
0-2: Strikes out swinging
Top of the 5th over - 0 runs, 2 hits, 0 errors, 2 left on base; Louisville 0 - Utica 5
BOTTOM OF THE 5TH
Utica Unicorns batting - Pitching for Louisville Bats : RHP Arthur Martínez
Batting: SHB Ralph Robison 0-0: Ball
1-0: SINGLE (Line Drive, 56D)
Batting: RHB Justin Geoghegan 0-0: Ball
1-0: Grounds into double play, 4-6-3 (Groundball, 4)
Batting: RHB Juan Caceres 0-0: Ball
1-0: Foul Ball, location: 2F
1-1: Foul Ball, location: 2F
1-2: Ball
2-2: Fly out, F8 (Line Drive, 8LS)
Bottom of the 5th over - 0 runs, 1 hit, 0 errors, 0 left on base; Louisville 0 - Utica 5
TOP OF THE 6TH
Louisville Bats batting - Pitching for Utica Unicorns : LHP Miguel Galván
Batting: RHB Roberto Zamora 0-0: Called Strike
0-1: Called Strike
0-2: Strikes out swinging
Batting: SHB Ryan Roberts 0-0: Ground out 6-3 (Groundball, 6)
Batting: RHB Júlio Sánchez 0-0: Called Strike
0-1: SINGLE (Line Drive, 9S)
Batting: LHB Héctor Rentería 0-0: 2-RUN HOME RUN (Line Drive, 9D), Distance : 362 ft
Batting: LHB John Horton 0-0: Ball
1-0: Foul Ball, location: 2F
1-1: Fly out, F7 (Flyball, 7)
Top of the 6th over - 2 runs, 2 hits, 0 errors, 0 left on base; Louisville 2 - Utica 5
BOTTOM OF THE 6TH
Utica Unicorns batting - Pitching for Louisville Bats : RHP Arthur Martínez
Batting: RHB António Magana 0-0: Ball
1-0: Called Strike
1-1: Swinging Strike
1-2: Ball
2-2: Strikes out swinging
Batting: RHB John Jones 0-0: Foul Ball, location: 2F
0-1: Foul Ball, location: 2F
0-2: Ball
1-2: SINGLE (Groundball, 6MD)
Pitching: LHP Denny Welch
Batting: LHB Stan Hickman 0-0: Fly out, F8 (Flyball, 78D)
Batting: RHB Kenny Cole 0-0: Ball
1-0: Ball
2-0: Ball
3-0: Called Strike
3-1: Fly out, F8 (Flyball, 8LXD)
Bottom of the 6th over - 0 runs, 1 hit, 0 errors, 1 left on base; Louisville 2 - Utica 5
TOP OF THE 7TH
Louisville Bats batting - Pitching for Utica Unicorns : LHP Miguel Galván
Batting: RHB Shawn Marshall 0-0: Ball
1-0: Ball
2-0: SINGLE (Line Drive, 89S)
Batting: SHB Dave Henley 0-0: Ball
1-0: Fielders Choice at 2nd, 3-6 (Groundball, 34)
Batting: LHB Eduardo Gómez 0-0: Ball
Dave Henley is caught stealing 2nd base
1-0: Ball
2-0: Ball
3-0: Called Strike
3-1: Called Strike
3-2: Fly out, F9 (Flyball, 89D)
Top of the 7th over - 0 runs, 1 hit, 0 errors, 0 left on base; Louisville 2 - Utica 5
BOTTOM OF THE 7TH
Utica Unicorns batting - Pitching for Louisville Bats : LHP Denny Welch
Batting: LHB José Román 0-0: Ground out 6-3 (Groundball, 6)
Batting: RHB Morgan Gibbon 0-0: Called Strike
0-1: Ball
1-1: Ball
2-1: Foul Ball, location: 2F
2-2: Strikes out swinging
Batting: SHB Ralph Robison 0-0: Called Strike
0-1: Fly out, F9 (Flyball, 9)
Bottom of the 7th over - 0 runs, 0 hits, 0 errors, 0 left on base; Louisville 2 - Utica 5
TOP OF THE 8TH
Louisville Bats batting - Pitching for Utica Unicorns : LHP Miguel Galván
Batting: SHB Martín Medina 0-0: DOUBLE (Line Drive, 89D)
Pitching: LHP Pancho Guerrero
Batting: RHB Roberto Zamora 0-0: Called Strike
0-1: Foul Ball, location: 2F
0-2: Foul Ball, location: 2F
0-2: Strikes out swinging
Batting: SHB Ryan Roberts 0-0: SINGLE (Line Drive, 89S)
Martín Medina to third
Batting: RHB Júlio Sánchez 0-0: Grounds into double play, 1-6-3 (Groundball, 13S)
Top of the 8th over - 0 runs, 2 hits, 0 errors, 1 left on base; Louisville 2 - Utica 5
BOTTOM OF THE 8TH
Utica Unicorns batting - Pitching for Louisville Bats : LHP Denny Welch
Batting: RHB Justin Geoghegan 0-0: Ball
1-0: Ball
2-0: Ball
3-0: Called Strike
3-1: DOUBLE (Flyball, 89D)
Batting: RHB Juan Caceres 0-0: Ball
1-0: Foul Ball, location: 2F
1-1: Ball
2-1: Ball
3-1: Foul Ball, location: 2F
3-2: SINGLE (Groundball, 6MD)
Justin Geoghegan to third
Batting: RHB António Magana 0-0: Called Strike
0-1: Foul Ball, location: 2F
0-2: Ground out 5-3 (Groundball, 56S)
Juan Caceres to second
Batting: RHB John Jones 0-0: Called Strike
0-1: DOUBLE (Line Drive, 89D)
Justin Geoghegan scores
Juan Caceres scores
Batting: LHB Stan Hickman 0-0: Swinging Strike
0-1: Ball
1-1: Ball
2-1: Swinging Strike
2-2: Strikes out swinging
Batting: RHB Kenny Cole 0-0: Swinging Strike
0-1: Ball
1-1: Ground out 5-3 (Groundball, 56)
Bottom of the 8th over - 2 runs, 3 hits, 0 errors, 1 left on base; Louisville 2 - Utica 7
TOP OF THE 9TH
Louisville Bats batting - Pitching for Utica Unicorns : LHP Pancho Guerrero
Batting: LHB Héctor Rentería 0-0: Foul Ball, location: 2F
0-1: Fly out, F4 (Popup, 23)
Batting: LHB John Horton 0-0: Ball
1-0: Ball
2-0: Ball
3-0: Base on Balls
Batting: RHB Shawn Marshall 0-0: Ball
1-0: Foul Ball, location: 2F
1-1: Swinging Strike
1-2: Ball
2-2: Strikes out swinging
Batting: SHB Dave Henley 0-0: Ball
1-0: Ball
2-0: Called Strike
2-1: Ground out 4-3 (Groundball, 34)
Top of the 9th over - 0 runs, 0 hits, 0 errors, 1 left on base; Louisville 2 - Utica 7
Saturday, April 7th, 2018 - OOTP Baseball 18.8 Build 76